 Dungeon Crawl Stone Soup version 0.32-a0-685-g93135e86f0 (webtiles) character file.

Game seed: 11181587986922339880

28 Griffin23 the Covered (level 3, -4/9 HPs)
             Began as a Minotaur Fighter on Mar 12, 2024.
             Slain by a hobgoblin (5 damage)
             ... on level 2 of the Dungeon.
             The game lasted 00:01:53 (860 turns).

Griffin23 the Covered (Minotaur Fighter)             Turns: 860, Time: 00:01:55

Health: -4/9       AC:  0    Str: 20    XL:     3   Next: 0%
Magic:  2/2        EV: 15    Int:  5    God:
Gold:   50         SH:  0    Dex: 11    Spells: 2/2 levels left

rFire   . . .        a - melded +0 long sword
rCold   . . .        c - melded +0 buckler
rNeg    . . .        b - melded +0 scale mail
rPois   .            (helmet restricted)
rElec   .            (no cloak)
rCorr   .            (no gloves)
SInv    .            (no boots)
Will    .....        (no amulet)
Stlth   +            (no ring)
HPRegen 0.21/turn    (no ring)
MPRegen 0.08/turn

%: no passive effects
@: lethally poisoned (-4 -> -10), flux-form, glowing
A: glow, contaminating, reduced hp, horns 2, retaliatory headbutt
a: Begin Untransformation


You were on level 2 of the Dungeon.
You were something dangerously unstable.
You visited 1 branch of the dungeon, and saw 2 of its levels.

You collected 50 gold pieces.

Inventory:

Hand Weapons
 a - a +0 long sword (melded)
Armour
 b - a +0 scale mail (melded)
 c - a +0 buckler (melded)
 g - a +0 cloak
Talismans
 h - a flux talisman (active)
Potions
 d - a potion of might
 e - 2 potions of curing {unknown}
 f - a potion of degeneration {unknown}


   Skills:
 + Level 4.0 Fighting
 + Level 3.0 Long Blades
 + Level 4.1 Armour
 + Level 4.0 Shields


You had 2 spell levels left.
You didn't know any spells.
Your spell library was empty.

Dungeon Overview and Level Annotations

Branches:
Dungeon (2/15)

Altars:


Innate Abilities, Weirdness & Mutations

You are something dangerously unstable.
You glow with magical radiation, making you easy to see and hit.
Foes you strike become dangerously contaminated with magical radiation.
Your maximum health is decreased, since you lack skill for your form.
You are incapable of wielding weapons or throwing items.
You have a pair of horns on your head.
You reflexively headbutt those who attack you in melee.


Message History

Done exploring.
No target in view!
Done exploring.
No target in view!
Unknown command.
You see here a +0 dagger.
You see here a bat corpse.
You see here a +0 helmet.
There is a stone staircase leading down here.
You see here a +0 spear.
You see here a +0 cloak.
g - a +0 cloak You see here a quokka skeleton.
You see here a +0 dagger.
There is a stone staircase leading down here.
You see here a +0 dagger.
You see here a flux talisman.
h - a flux talisman You begin transforming.
You continue transforming. x3
You turn into something dangerously unstable.
Your +0 long sword melds into your body.
Your +0 buckler melds into your body.
Your +0 scale mail melds into your body.
Done exploring.
There is a stone staircase leading down here.
You climb downwards.
The hobgoblin shouts!
The adder hisses angrily.
Found a scroll labelled ACRIEM DOBLISM.
There is a stone staircase leading up here.
You barely miss the adder. The adder closely misses you.
You miss the adder. The adder closely misses you. You furiously retaliate!
You headbutt the adder. The adder bites you.
You barely miss the adder.
The adder is moderately wounded.
The adder bites you.
* * * LOW HITPOINT WARNING * * *
You are lethally poisoned!
The adder poisons you! The hobgoblin hits you.
Ouch! That really hurt!
You die...

# #.
#.########
#......?##
#Sp.....#
#g##<#..#
g.......#
#
#.##.##..
# #. #.#.
#. .....
## #.# ..
#.. ...
### ...


You could see an adder and a hobgoblin.

Vanquished Creatures
  4 bats (D:1)
  4 endoplasms (D:1)
  2 goblins (D:1)
  3 hobgoblins (D:1)
  A kobold (D:1)
  4 quokkas (D:1)
  3 ball pythons (D:1)
  A frilled lizard (D:1)
  A rat (D:1)
23 creatures vanquished.

Notes
Turn   | Place    | Note
-------+----------+-------------------------------------------
     0 | D:1      | Griffin23 the Minotaur Fighter began the quest for the Orb.
     0 | D:1      | Reached XP level 1. HP: 19/19 MP: 0/0
   192 | D:1      | Reached XP level 2. HP: 27/27 MP: 1/1
   493 | D:1      | Reached XP level 3. HP: 31/33 MP: 2/2
   860 | D:2      | Slain by a hobgoblin

Illustrated notes

Levels and vault maps discovered:
D:1:      scummos_arrival_forest, layout_rooms
D:2:      layout_loops_cross

Skill      XL: |  1  2 |
---------------+-------+-----
Armour         | 4 |  4.1
Fighting       | 4 |  4.0
Shields        | 4 |  4.0
Long Blades    | 3 |  3.0

Action                     || total
---------------------------++-------
  Melee: Long sword        ||    65
         Headbutt          ||     6
         Unarmed           ||     3
 Armour: Scale mail        ||    47
         Skin              ||     3
  Dodge: Dodged            ||    35
  Block: Buckler           ||    14
   Form: Flux              ||     1

Table legend: (Time is in decaauts)
 A = Elapsed time spent in this place.
 B = Non-inter-level travel time spent in this place.
 C = Inter-level travel time spent in this place.
 D = Time resting spent in this place.
 E = Time spent auto-exploring this place.
 F = Levels seen in this place.
 G = Mean time per level.
                   A        B        C        D        E       F      G
               +--------+--------+--------+--------+--------+-----+--------+
         Total |    879 |    636 |    243 |      0 |    462 |   2 |  439.5 |
       Dungeon |    879 |    636 |    243 |      0 |    462 |   2 |  439.5 |
               +--------+--------+--------+--------+--------+-----+--------+

Top non-repeatable levels by time:
     D:1: 874 daAuts
     D:2: 4 daAuts
